 Dungeon Crawl Stone Soup version 0.32-a0-22-g6ae6769602 (webtiles) character file.

Game seed: 3531701612670383255

1419 IdlyInterested the Slicer (level 8, -6/60 HPs)
             Began as a Demonspawn Fighter on Jan 18, 2024.
             Hit by a large rock thrown by a cyclops (23 damage)
             ... on level 6 of the Dungeon.
             The game lasted 00:11:44 (4436 turns).

IdlyInterested the Slicer (Demonspawn Fighter)      Turns: 4436, Time: 00:11:45

Health: -6/60      AC: 11    Str: 18    XL:     8   Next: 43%
Magic:  8/8        EV: 10    Int:  8    God:
Gold:   260        SH:  5    Dex: 14    Spells: 7/7 levels left

rFire   . . .        a - +0 rapier
rCold   + . .        c - +0 buckler
rNeg    . . .        x - +1 ring mail {rC+}
rPois   .            (helmet restricted)
rElec   .            (no cloak)
rCorr   .            A - +0 pair of gloves
SInv    .            (no boots)
Will    .....        (no amulet)
Stlth   +            D - +4 ring of protection
HPRegen 0.30/turn    (no ring)
MPRegen 0.11/turn

%: no passive effects
@: mighty
A: horns 1, foul stench 2, spiny 2
a: no special abilities


You were on level 6 of the Dungeon.
You visited 1 branch of the dungeon, and saw 6 of its levels.

You collected 260 gold pieces.

Inventory:

Hand Weapons
 a - a +0 rapier (weapon)
 y - the +5 trident of Reniu {freeze, rF+}
   (You found it on level 4 of the Dungeon)

   rF+:       It protects you from fire.
Missiles
 f - 34 stones (quivered)
 i - 2 poisoned darts
 o - 7 boomerangs
 H - 3 javelins
Armour
 c - a +0 buckler (worn)
 w - a +0 plate armour
 x - a +1 ring mail of cold resistance (worn)
 A - a +0 pair of gloves (worn)
Magical Staves
 j - a staff of cold
 m - a staff of alchemy
 p - a staff of conjuration
Jewellery
 D - a +4 ring of protection (left hand)
Scrolls
 e - a scroll of amnesia
 h - a scroll of blinking
 s - a scroll of revelation {unknown}
 t - a scroll of noise {unknown}
 u - a scroll of fog {unknown}
 v - a scroll of enchant armour {unknown}
 C - a scroll of fear {unknown}
 F - a scroll of immolation
 G - a scroll of brand weapon
Potions
 b - 5 potions of curing
 d - a potion of might
 g - a potion of haste {unknown}
 k - a potion of berserk rage {unknown}
 n - a potion of brilliance {unknown}
 q - a potion of enlightenment
 r - a potion of cancellation {unknown}
 z - a potion of ambrosia {unknown}
 B - a potion of attraction


   Skills:
 - Level 4.0 Fighting
 * Level 8.5 Short Blades
 - Level 1.0 Throwing
 - Level 3.0 Armour
 + Level 1.0 Dodging
 - Level 1.0 Stealth
 - Level 4.0 Shields
 - Level 1.0 Evocations


You had 7 spell levels left.
You didn't know any spells.
Your spell library contained the following spells:

 Spells                   Type           Power      Damage    Failure   Level
 Sting                    Conj/Alch      0%         1d3       67%         1
 Mercury Vapours          Alch/Air       0%         N/A       82%         2
 Manifold Assault         Tloc           0%         N/A       100%        4
 Olgreb's Toxic Radiance  Alch           0%         N/A       100%        4
 Dispersal                Tloc           0%         N/A       100%        6
 Disjunction              Tloc           0%         N/A       100%        8


Dungeon Overview and Level Annotations

Branches:
Dungeon (6/15)
 Temple: D:4-7

Altars:
Fedhas
Gozag
Makhleb
Okawaru
Qazlal
Trog
Xom


Innate Abilities, Weirdness & Mutations

You have a pair of small horns on your head.
You sometimes emit foul miasma when damaged in melee.
You are mostly covered in sharp spines.


Message History

The water moccasin is almost dead.
You block the water moccasin's attack. The sleepcap releases spores at you!
The water moccasin is struck by your spines.
You kill the water moccasin!
You have reached level 8!
You feel stronger.
You feel much better.
You feel very mighty all of a sudden.
You hit the manticore.
The manticore is lightly wounded.
The manticore bites you. The manticore closely misses you. x2
You closely miss the manticore.
The manticore is lightly wounded.
You barely miss the manticore. You headbutt the manticore!
The manticore is moderately wounded.
The manticore bites you!!
You emit a cloud of foul miasma!
The manticore claws you but does no damage.
The manticore claws you.
* * * LOW HITPOINT WARNING * * *
You feel much better.
The manticore is engulfed in dark miasma.
The manticore is poisoned.
The manticore bites you! The manticore claws you! The manticore claws you.
* * * LOW HITPOINT WARNING * * *
You puncture the manticore!
The manticore is severely wounded.
The manticore is engulfed in dark miasma.
The manticore looks even sicker.
You kill the manticore!
Training target 4.0 for Fighting reached!
Your Fighting skill increases to level 4!
Your Short Blades skill increases to level 8!
Okay, then.
Throw: 3 darts (poison)
Press: ? - help, Shift-Dir - straight line, f - cyclops
Aim: a cyclops, quivering large rocks (85% to hit)
You throw a poisoned dart. The poisoned dart hits the cyclops.
The cyclops is poisoned.
The cyclops throws a large rock.
The large rock hits you!!
You die...

##### #...#
####.#.#####
#....#.....#
##.#.#@#
#...##ยง#
#.###fC.
####...##.##
##.....#.#.#
##........#.#
#.........#.#
#.........#.#
#........##


You could see a cyclops (poisoned) and a sleepcap.

Vanquished Creatures
  A manticore (D:6)
  The ghost of Xavori the Trooper, a novice DjCK of Xom (D:5)
  2 water moccasins
  A phantom (D:3)
  A bullfrog (D:5)
  A scorpion (D:5)
  A jelly (D:5)
  A bombardier beetle (D:3)
  A sleepcap (D:5)
  An orc wizard (D:3)
  Jessica (D:2)
  2 iguanas (D:5)
  9 adders
  4 ufetubi (D:5)
  4 ribbon worms
  11 orcs
  2 ball pythons
  7 endoplasms
  4 giant cockroaches
  2 goblins
  6 hobgoblins
  3 jackals (D:3)
  3 quokkas
  6 bats
  A frilled lizard (D:1)
  5 kobolds
  3 rats
84 creatures vanquished.

Notes
Turn   | Place    | Note
-------+----------+-------------------------------------------
     0 | D:1      | IdlyInterested the Demonspawn Fighter began the quest for
                  | the Orb.
     0 | D:1      | Reached XP level 1. HP: 18/18 MP: 1/1
    47 | D:1      | Reached skill level 2 in Short Blades
   215 | D:1      | Gained mutation: You may rarely emit foul miasma when
                  | damaged in melee. [demonic ancestry]
   215 | D:1      | Reached XP level 2. HP: 23/24 MP: 2/2
   649 | D:2      | Noticed Jessica
   659 | D:2      | Killed Jessica
   660 | D:2      | Reached skill level 3 in Short Blades
   660 | D:2      | Reached XP level 3. HP: 14/29 MP: 3/3
   913 | D:2      | Reached skill level 1 in Throwing
  1163 | D:2      | Gained mutation: You are partially covered in sharp spines.
                  | [demonic ancestry]
  1163 | D:2      | Reached XP level 4. HP: 35/35 MP: 4/4
  1811 | D:3      | Noticed a phantom
  1829 | D:3      | Killed a phantom
  1830 | D:3      | Reached skill level 4 in Short Blades
  1830 | D:3      | Reached skill level 1 in Dodging
  1830 | D:3      | Gained mutation: You are mostly covered in sharp spines.
                  | [demonic ancestry]
  1830 | D:3      | Reached XP level 5. HP: 25/41 MP: 5/5
  2114 | D:3      | Reached skill level 1 in Stealth
  2174 | D:3      | Reached skill level 5 in Short Blades
  2187 | D:3      | Found a stormy altar of Qazlal.
  2188 | D:3      | Found a burning altar of Makhleb.
  2495 | D:4      | Gained mutation: You have a pair of small horns on your
                  | head. [demonic ancestry]
  2495 | D:4      | Reached XP level 6. HP: 47/47 MP: 6/6
  2650 | D:4      | Found an opulent altar of Gozag.
  2797 | D:4      | Identified the +5 trident of Reniu {freeze, rF+}
  3155 | D:5      | Entered Level 5 of the Dungeon
  3175 | D:5      | Reached skill level 1 in Evocations
  3294 | D:5      | Found a bloodstained altar of Trog.
  3409 | D:5      | Noticed a water moccasin
  3413 | D:5      | Killed a water moccasin
  3771 | D:5      | Reached skill level 6 in Short Blades
  3850 | D:5      | Gained mutation: You sometimes emit foul miasma when
                  | damaged in melee. [demonic ancestry]
  3850 | D:5      | Reached XP level 7. HP: 51/52 MP: 7/7
  3921 | D:5      | Found a runed translucent door.
  3926 | D:5      | Noticed Xavori's ghost (novice DjCK)
  4075 | D:5      | Found a shimmering altar of Xom.
  4076 | D:5      | Found a blossoming altar of Fedhas.
  4081 | D:5      | Found an iron altar of Okawaru.
  4211 | D:5      | Killed Xavori's ghost
  4212 | D:5      | Reached skill level 7 in Short Blades
  4420 | D:6      | Noticed a manticore
  4421 | D:6      | Noticed a cyclops
  4429 | D:6      | Reached XP level 8. HP: 21/58 MP: 8/8
  4435 | D:6      | Killed a manticore
  4436 | D:6      | Reached skill level 8 in Short Blades
  4436 | D:6      | Hit by a large rock thrown by a cyclops

Illustrated notes

Levels and vault maps discovered:
D:1:      lightli_molten_gateway, layout_basic
D:2:      layout_basic, uniq_jessica
D:3:      layout_rooms, mainiacjoe_overflow_divided_tiny
D:4:      layout_basic, mainiacjoe_overflow_concentric_impassable,
          mainiacjoe_overflow_chevrons
D:5:      layout_loops_ring, trog_antimagical, minitemple,
          ebering_ghost_sewer_d, minmay_misc_feat_room
D:6:      layout_rooms, minmay_temple_entry_proselytizer,
          minmay_manual_monstrance

Skill      XL: |  1  2  3  4  5  6  7  8 |
---------------+-------------------------+-----
Short Blades   | 2 3 4 5 6 7 8 |  8.5
Armour         | 3 |  3.0
Throwing       | 1 |  1.0
Dodging        | 1 |  1.0
Stealth        | 1 |  1.0
Evocations     | 1 |  1.0
Shields        | 3 4 |  4.0
Fighting       | 4 |  4.0

Action                     |  1- 3 |  4- 6 |  7- 9 || total
---------------------------+-------+-------+-------++-------
  Melee: Rapier            |    83 |   150 |    74 ||   307
         Headbutt          |       |    13 |    14 ||    27
  Throw: Stone             |       |    12 |       ||    12
         Dart              |       |       |     1 ||     1
    Use: Potion            |       |     4 |     3 ||     7
         Scroll            |       |       |     4 ||     4
 Armour: Scale mail        |     6 |       |       ||     6
         Chain mail        |    44 |    49 |       ||    93
         Plate armour      |       |     1 |       ||     1
         Ring mail         |       |    43 |    43 ||    86
  Dodge: Dodged            |    22 |    47 |    32 ||   101
  Block: Buckler           |    13 |    31 |    11 ||    55

Table legend: (Time is in decaauts)
 A = Elapsed time spent in this place.
 B = Non-inter-level travel time spent in this place.
 C = Inter-level travel time spent in this place.
 D = Time resting spent in this place.
 E = Time spent auto-exploring this place.
 F = Levels seen in this place.
 G = Mean time per level.
                   A        B        C        D        E       F      G
               +--------+--------+--------+--------+--------+-----+--------+
         Total |   4440 |   4081 |    359 |    655 |   2462 |   6 |  740.0 |
       Dungeon |   4440 |   4081 |    359 |    655 |   2462 |   6 |  740.0 |
               +--------+--------+--------+--------+--------+-----+--------+

Top non-repeatable levels by time:
     D:5: 1233 daAuts
     D:2: 1165 daAuts
     D:4: 825 daAuts
     D:1: 652 daAuts
     D:3: 533 daAuts
     D:6: 30 daAuts
